 Dungeon Crawl Stone Soup version 0.24.1-14-gf8d2b509d9 (webtiles) character file.

Game seed: 2574761262746344752, levelgen mode: deterministic

1690 dogmilk the Chopper (level 8, -1/109 HPs)
             Began as a Minotaur Fighter on Feb 16, 2021.
             Was a Follower of Okawaru.
             Killed from afar by Erica (26 damage)
             ... with an orb of energy
             ... on level 8 of the Dungeon.
             The game lasted 00:17:59 (5589 turns).

dogmilk the Chopper (Minotaur Fighter)              Turns: 5589, Time: 00:18:00

Health: -1/109     AC: 24    Str: 21    XL:     8   Next: 72%
Magic:  7/7        EV:  2    Int:  6    God:    Okawaru [*.....]
Gold:   488        SH: 12    Dex: 18    Spells: 7/7 levels left

rFire    . . .     SeeInvis +   a - +0 war axe
rCold    . . .     Gourm    .   c - +1 shield
rNeg     + + +     Faith    .   (armour currently unavailable)
rPois    +         Spirit   .   (helmet currently unavailable)
rElec    .         Reflect  .   (cloak currently unavailable)
rCorr    .         Harm     .   (gloves currently unavailable)
MR       .....     Clarity  +   (boots currently unavailable) Stlth +++.......NoTele +
                                g - amulet of regeneration
HPRegen  0.68/turn              m - ring of see invisible
MPRegen  0.10/turn              n - +3 ring of evasion

@: agile, tree-form, slowed, very slow
A: (retaliatory headbutt), agile 1, clarity
a: Heroism, Renounce Religion


You were on level 8 of the Dungeon.
You worshipped Okawaru.
Okawaru was aware of your devotion.
You were near starving.
You were a tree.
You visited 1 branch of the dungeon, and saw 8 of its levels.

You collected 488 gold pieces.

Inventory:

Hand Weapons
 a - a +0 war axe (weapon)
Armour
 b - a +0 scale mail (melded)
 c - a +1 shield (worn)
Jewellery
 g - an amulet of regeneration (around neck)
 h - a +2 ring of evasion
 m - a ring of see invisible (left branch)
 n - a +3 ring of evasion (right branch)
 D - a cursed ring of teleportation {unknown}
Wands
 w - a wand of polymorph (7)
 B - a wand of acid (5)
Scrolls
 k - 5 scrolls of identify {unknown}
 p - 5 scrolls of remove curse {unknown}
 q - a scroll of enchant weapon {unknown}
 s - 2 scrolls of enchant armour
 u - a scroll of fog {unknown}
 v - a scroll of amnesia {unknown}
 y - 2 scrolls of random uselessness {unknown}
 A - a scroll of teleportation {unknown}
 C - a scroll of holy word {unknown}
Potions
 d - a potion of might
 e - 2 potions of flight {unknown}
 i - 2 potions of curing
 j - a potion of heal wounds
 l - a potion of brilliance {unknown}
 o - a potion of invisibility
 r - a potion of mutation
 t - a potion of ambrosia {unknown}
 x - 3 potions of lignification
 z - a potion of agility
Comestibles
 f - 12 rations


   Skills:
 + Level 7.4 Fighting
 * Level 7.8 Axes
 + Level 7.4 Armour
 + Level 7.3 Shields


You had 7 spell levels left.
You didn't know any spells.
Your spell library contained the following spells:

 Spells                   Type           Power        Failure   Level  Hunger
 Animate Skeleton         Necr           N/A          80%         1    ##.....
 Apportation              Tloc           #.....       80%         1    ##.....
 Confusing Touch          Hex            #.....       80%         1    ##.....
 Summon Small Mammal      Summ           #...         80%         1    ##.....


Dungeon Overview and Level Annotations

Branches:
Dungeon (8/15)             Temple (0/1) D:6
   Lair: D:8-11

Altars:
Cheibriados
Elyvilon
Gozag
Okawaru
Wu Jian
Xom
Yredelemnul
The Shining One

Shops:
D:7 *

Annotations:
D:8 Erica


Innate Abilities, Weirdness & Mutations

((You reflexively headbutt those who attack you in melee.))
((You have a pair of horns on your head.))
You are agile. (Dex +2)
You possess an exceptional clarity of mind.


Message History

* * * LOW HITPOINT WARNING * * *
Erica burns you.
* * * LOW HITPOINT WARNING * * *
The ogre is engulfed in poison gas.
The ogre looks as sick as possible!
You block the ogre's attack. You block Erica's attack.
You closely miss the ogre.
The ogre is almost dead.
You slash Erica!
The howler monkey hoots and howls with incredible vigour! x2
The ogre barely misses you. Erica hits you but does no damage.
You slash the ogre!
You kill the ogre!
Okawaru accepts your kill.
You hit Erica.
The howler monkey hoots and howls with incredible vigour!
Erica hits you but does no damage.
The howler monkey hoots and howls with incredible vigour!
Erica casts a spell at you. The orb of energy hits you!!
You die...

#..#...#.....#
#..#...####'##
#<.'...'....#
#.##...######
######§##...#
#......##...#
#....§○######
######)# #♣#
#@# #h#


hh# ### You could see Erica (invisible), a black bear and 2 howler monkeys.

Vanquished Creatures
  Duvessa (D:6)
  2 sky beasts
  A phantom (D:4)
  A centaur (D:5)
  3 ogres
  A bullfrog (D:7)
  Dowan (D:6)
  3 wights (D:6)
  A howler monkey (D:4)
  A crimson imp (D:5)
  4 hounds
  4 orc priests
  A centaur skeleton (D:7)
  4 orc wizards
  A bullfrog skeleton (D:6)
  Terence (D:3)
  Natasha (thrice) (D:2)
  A worker ant (D:7)
  6 adders
  3 shadow imps
  4 dart slugs
  7 worms
  5 leopard geckos
  16 orcs
  4 ball pythons (D:3)
  6 giant cockroaches
  9 goblins
  9 hobgoblins
  6 jackals
  5 quokkas
  5 bats
  5 frilled lizards
  A jackal skeleton (D:4)
  7 kobolds
  A leopard gecko zombie (D:5)
  10 rats
143 creatures vanquished.

Notes
Turn   | Place    | Note
-------+----------+-------------------------------------------
     0 | D:1      | dogmilk the Minotaur Fighter began the quest for the Orb.
     0 | D:1      | Reached XP level 1. HP: 19/19 MP: 0/0
   131 | D:1      | Reached XP level 2. HP: 23/27 MP: 1/1
   696 | D:2      | Reached XP level 3. HP: 27/33 MP: 2/2
   928 | D:2      | Found a shimmering altar of Xom.
   929 | D:2      | Found a shimmering altar of Xom.
   941 | D:2      | Found a shimmering altar of Xom.
  1015 | D:2      | Reached XP level 4. HP: 41/41 MP: 3/3
  1059 | D:2      | Noticed Natasha
  1064 | D:2      | Killed Natasha
  1320 | D:2      | Found a shimmering altar of Xom.
  1345 | D:2      | Noticed Natasha
  1351 | D:2      | Killed Natasha
  1551 | D:2      | Noticed Natasha
  1557 | D:2      | Killed Natasha
  1557 | D:2      | Reached XP level 5. HP: 39/47 MP: 4/4
  1698 | D:3      | Noticed Terence
  1700 | D:3      | Reached skill level 5 in Fighting
  1700 | D:3      | Reached skill level 5 in Armour
  1702 | D:3      | Reached skill level 5 in Shields
  1716 | D:4      | Reached XP level 6. HP: 23/56 MP: 5/5
  1920 | D:3      | Killed Terence
  2885 | D:4      | Reached XP level 7. HP: 60/62 MP: 6/6
  2903 | D:4      | Found a white marble altar of Elyvilon.
  3125 | D:4      | Found a snail-covered altar of Cheibriados.
  3154 | D:4      | Reached skill level 5 in Axes
  3350 | D:4      | Found a basalt altar of Yredelemnul.
  3450 | D:5      | Entered Level 5 of the Dungeon
  3625 | D:5      | Found a snail-covered altar of Cheibriados.
  3792 | D:5      | Found a glowing golden altar of the Shining One.
  3794 | D:5      | Found a shimmering altar of Xom.
  3795 | D:5      | Found an iron altar of Okawaru.
  3796 | D:5      | Found an ornate altar of the Wu Jian Council.
  3803 | D:5      | Became a worshipper of Warmaster Okawaru
  4304 | D:5      | Reached XP level 8. HP: 63/71 MP: 7/7
  4499 | D:6      | Found an iron altar of Okawaru.
  4595 | D:6      | Found a staircase to the Ecumenical Temple.
  4717 | D:6      | Noticed Duvessa
  4718 | D:6      | Noticed Dowan
  4733 | D:6      | Killed Duvessa
  4736 | D:6      | Killed Dowan
  4736 | D:6      | Reached * piety under Okawaru
  5010 | D:7      | Found an opulent altar of Gozag.
  5102 | D:7      | Found Sasoro's Assorted Antiques.
  5568 | D:8      | Noticed Erica
  5578 | D:8      | Gained mutation: You possess an exceptional clarity of
                  | mind. [potion of mutation]
  5578 | D:8      | Gained mutation: You are agile. (Dex +2) [potion of
                  | mutation]
  5589 | D:8      | Killed from afar by Erica

Levels and vault maps discovered:
D:1:      kennysheep_arrival_seaside, layout_rooms,
          hangedman_decor_clover_reticule
D:2:      layout_basic, solitary_fountain, xom_redecorated, uniq_natasha
D:3:      layout_basic, portal_sewer_entry_e, uniq_terence
D:4:      layout_basic, kennysheep_ying_yang, kennysheep_slug_shrine
D:5:      layout_basic, grunt_temple_overflow_open, first_ration,
          roderic_filled_cross
D:6:      layout_loops_ring, minmay_temple_entry_sparse_star,
          okawaru_ov_weapons_minmay, uniq_duvessa
D:7:      layout_rooms, basic_altar, serial_shops, nicolae_shop_trees
D:8:      layout_basic, uniq_erica

Skill      XL: |  1  2  3  4  5  6  7  8 |
---------------+-------------------------+-----
Fighting       | 4 5 6 7 |  7.4
Armour         | 4 5 6 7 |  7.4
Shields        | 4 5 6 7 |  7.3
Axes           | 3 4 6 7 |  7.8

Action                   |  1- 3 |  4- 6 |  7- 9 || total
-------------------------+-------+-------+-------++-------
Melee: War axe           |   114 |   136 |   189 ||   439
       Headbutt          |    15 |    23 |    43 ||    81
  Use: Potion            |       |     1 |     6 ||     7
       Scroll            |       |     1 |       ||     1
  Eat: Chunk             |     1 |     6 |     7 ||    14
Armor: Scale mail        |    61 |    49 |    39 ||   149
       Skin              |       |       |     6 ||     6
Dodge: Dodged            |    37 |    37 |    59 ||   133
Block: Shield            |    59 |    71 |    90 ||   220
